 Dungeon Crawl Stone Soup version 0.32-a0-900-g30fb1b0edc (webtiles) character file.

Game seed: 11619600755542217408

1 Lanoc the Charlatan (level 1, -3/15 HPs)
             Began as a Coglin Artificer on Apr 5, 2024.
             Slain by a gnoll
             ... wielding a +0 spear
              (5 damage)
             ... on level 1 of the Dungeon.
             The game lasted 00:00:08 (49 turns).

Lanoc the Charlatan (Coglin Artificer)                Turns: 49, Time: 00:00:09

Health: -3/15      AC:  3    Str: 12    XL:     1   Next: 20%
Magic:  1/1        EV: 10    Int: 10    God:
Gold:   0          SH:  0    Dex: 14    Spells: 0/0 levels left

rFire   . . .        a - +0 club {Jinae}
rCold   . . .        f - +0 dagger {Myungok}
rNeg    . . .        b - +0 leather armour
rPois   .            (no helmet)
rElec   .            (no cloak)
rCorr   .            (no gloves)
SInv    .            (no boots)
Will    .....        (amulet unavailable)
Stlth   +            (ring unavailable)
HPRegen 0.22/turn    (ring unavailable)
MPRegen 0.07/turn    (no gizmo)

%: no passive effects
@: revving
A: off-hand wielding, slow wielding, warmup strikes, no jewellery
a: Invent Gizmo


You were on level 1 of the Dungeon.
You visited 1 branch of the dungeon, and saw 1 of its levels.

Inventory:

Hand Weapons
 a - a +0 club (weapon) {Jinae}
 f - a +0 dagger (offhand) {Myungok}
Armour
 b - a +0 leather armour (worn)
Wands
 c - a wand of flame (15) (quivered)
 d - a wand of charming (15)
 e - a wand of iceblast (5)


   Skills:
 + Level 1.0 Fighting
 + Level 1.8 Armour
 + Level 0.9 Dodging
 - Level 0.7 Stealth
 * Level 4.0 Evocations


You couldn't memorise any spells.
You didn't know any spells.
Your spell library was empty.

Dungeon Overview and Level Annotations

Branches:
Dungeon (1/15)

Altars:


Innate Abilities, Weirdness & Mutations

You can wield a second weapon in your off-hand.
It takes a long time for you to wield or remove held weapons.
Your first few attacks do less damage.
You cannot equip rings or amulets.


Message History

There is an open door here.
You open the door.
There is an open door here.
You open the door.
There is an open door here.
You open the door.
There is an open door here.
An endoplasm and a rat come into view.
Found an escape hatch in the floor.
The rat squeaks loudly.
A gnoll comes into view. It is wielding a +0 spear.
A hobgoblin comes into view.
Found 32 gold pieces.
The hobgoblin shouts!
The gnoll shouts!
A ball python comes into view.
An endoplasm comes into view.
The endoplasm hits you.
The ball python hisses angrily.
You hit the endoplasm but do no damage.
You barely miss the endoplasm with your +0 club.
The endoplasm hits you. The rat completely misses you.
You hit the endoplasm with your +0 dagger.
The endoplasm is lightly wounded.
You hit the endoplasm with your +0 club.
The gnoll hits you from afar with a +0 spear.
The rat bites you. The endoplasm hits you.
You barely miss the endoplasm with your +0 dagger.
The endoplasm is severely wounded.
You hit the endoplasm with your +0 club.
You kill the endoplasm!
The gnoll hits you from afar with a +0 spear!
Ouch! That really hurt!
* * * LOW HITPOINT WARNING * * *
The rat bites you but does no damage.
The ball python attacks as it pursues you!
The ball python closely misses you. The ball python barely misses you.
The hobgoblin hits you.
* * * LOW HITPOINT WARNING * * *
The gnoll attacks as it pursues you!
The gnoll hits you from afar with a +0 spear.
You die...

##.##...##.##
##'##.##'##
##.##.##.##
#####.".#'#...##
#..'..<.'.'.(..#
#.###...###...##
#...##.## ##.##
##...#### ###
########@.....#
#.....gS..#####
#.....gr..#
#>...J.......$
............#....
.##.........#####
...........#
..##...###### .
#...


You could see a gnoll, an endoplasm, a hobgoblin, a ball python and a rat.

Vanquished Creatures
  An endoplasm (D:1)
1 creature vanquished.

Notes
Turn   | Place    | Note
-------+----------+-------------------------------------------
     0 | D:1      | Lanoc the Coglin Artificer began the quest for the Orb.
     0 | D:1      | Reached XP level 1. HP: 15/15 MP: 1/1
    49 | D:1      | Slain by a gnoll

Illustrated notes

Levels and vault maps discovered:
D:1:      dpeg_arrival_rhombi, layout_rooms, serial_shops, nicolae_shop_crystal,
          nicolae_shop_rolling_square, minmay_pentomino_q4

Action                     || total
---------------------------++-------
  Melee: Club              ||     3
         Dagger            ||     3
 Armour: Leather armour    ||     9
  Dodge: Dodged            ||     3

Table legend: (Time is in decaauts)
 A = Elapsed time spent in this place.
 B = Non-inter-level travel time spent in this place.
 C = Inter-level travel time spent in this place.
 D = Time resting spent in this place.
 E = Time spent auto-exploring this place.
 F = Levels seen in this place.
 G = Mean time per level.
                   A        B        C        D        E       F      G
               +--------+--------+--------+--------+--------+-----+--------+
         Total |     49 |     49 |      0 |      0 |     39 |   1 |   49.0 |
       Dungeon |     49 |     49 |      0 |      0 |     39 |   1 |   49.0 |
               +--------+--------+--------+--------+--------+-----+--------+

Top non-repeatable levels by time:
     D:1: 49 daAuts
